 Dungeon Crawl Stone Soup version 0.27.1-3-gb3d3a73c9e (console) character file.

Game seed: 8620309712847571677

117 Banquo the Skirmisher (level 5, 0/41 HPs)
             Began as a Djinni Hunter on Oct 11, 2021.
             Slain by a quokka (4 damage)
             ... on level 4 of the Dungeon.
             The game lasted 00:06:19 (4250 turns).

Banquo the Skirmisher (Djinni Hunter)               Turns: 4250, Time: 00:06:20

Health: 0/41       AC:  3    Str: 11    XL:     5   Next: 22%
Gold:   69         EV: 12    Int: 13    God:
                   SH:  0    Dex: 14

rFire    + + .     SeeInvis .   a - +0 mace (protect)
rCold    x . .     Faith    .   (no shield)
rNeg     . . .     Spirit   .   c - +0 leather armour
rPois    ∞         Reflect  .   (no helmet)
rElec    .         Harm     .   (no cloak)
rCorr    .         Rampage  .   (no gloves)
Will     .....                  (boots unavailable)
Stlth    +.........             (no amulet)
HPRegen  0.13/turn              (no ring)
MPRegen  0.00/turn              (no ring)

@: flying
A: sickness immunity, fire resistance 2, cold vulnerability 1, float, innate
caster, hp casting, extra vitality 1
a: no special abilities


You were on level 4 of the Dungeon.
You visited 1 branch of the dungeon, and saw 4 of its levels.

You collected 69 gold pieces.

Inventory:

Hand Weapons
 a - a +0 mace of protection (weapon)
 b - a +1 hand crossbow
 h - a +0 dagger of pain
 w - a +0 short sword
Missiles
 d - 43 bolts
 l - 91 stones (quivered)
 r - 6 javelins
Armour
 c - a +0 leather armour (worn)
Scrolls
 e - a scroll of fog {unknown}
 f - a scroll of amnesia {unknown}
 g - 2 scrolls of holy word {unknown}
 m - a scroll of magic mapping {unknown}
 n - 2 scrolls of teleportation {unknown}
 o - a scroll of summoning {unknown}
 p - a scroll of acquirement {unknown}
 q - a scroll of identify {unknown}
 t - a scroll of brand weapon {unknown}
 v - a scroll of immolation {unknown}
 x - a scroll of vulnerability {unknown}
Potions
 i - 2 potions of curing {unknown}
 j - a potion of attraction {unknown}
 k - a potion of ambrosia {unknown}
 s - a potion of heal wounds {unknown}
 u - a potion of invisibility {unknown}


   Skills:
 * Level 4.0 Fighting
 - Level 3.2 Crossbows
 - Level 2.1 Dodging
 - Level 0.7 Stealth
 * Level 2.0 Spellcasting


You had 5 spell levels left.
You knew the following spells:

 Your Spells              Type           Power      Damage    Failure   Level
a - Animate Skeleton      Necr           12%        N/A       14%         1
b - Blink                 Tloc           N/A        N/A       22%         2
Your spell library was empty.

Dungeon Overview and Level Annotations

Branches:
Dungeon (4/15)
 Temple: D:4-7

Altars:
Kikubaaqudgha
Wu Jian
The Shining One


Innate Abilities, Weirdness & Mutations

You are immune to sickness and miasma.
You are immune to poison.
Your flesh is very heat resistant. (rF++)
You are vulnerable to cold. (rC-)
You float through the air rather than walking.
You learn spells naturally, not from books.
Your magical power is your life essence.
You have superior vitality. (+4 HP)


Message History

The quokka barely misses you. x2
You closely miss the quokka. The quokka barely misses you.
You completely miss the quokka. The quokka bites you.
The quokka barely misses you.
You closely miss the quokka. The quokka closely misses you.
The quokka barely misses you.
You hit the quokka.
Your weapon exudes an aura of protection.
The quokka is heavily wounded.
The quokka bites you but does no damage.
The quokka closely misses you.
You completely miss the quokka.
The quokka is moderately wounded.
The quokka bites you but does no damage.
You completely miss the quokka.
The quokka is moderately wounded.
The quokka barely misses you. The quokka bites you.
You hit the quokka but do no damage.
Your weapon exudes an aura of protection.
The quokka is moderately wounded.
The quokka misses you. The quokka bites you.
* * * LOW HITPOINT WARNING * * *
You miss the quokka.
The quokka is moderately wounded.
The quokka bites you but does no damage.
You closely miss the quokka.
The quokka is moderately wounded.
The quokka bites you.
* * * LOW HITPOINT WARNING * * *
The quokka closely misses you.
You completely miss the quokka.
The quokka is moderately wounded.
The quokka bites you.
* * * LOW HITPOINT WARNING * * *
The quokka bites you.
* * * LOW HITPOINT WARNING * * *
You closely miss the quokka.
The quokka is moderately wounded.
The quokka bites you.
You die...

### #<# ##
#######.# ..#
........# ...#
........##....##
........r.......
.......@########
#######.# #.#
#.. ### ######


You could see a quokka.

Vanquished Creatures
  An orc wizard (D:4)
  3 adders
  A worm (D:3)
  2 dart slugs
  4 orcs
  2 bats
  4 endoplasms
  A giant cockroach (D:2)
  6 goblins
  3 hobgoblins
  4 jackals
  2 quokkas (D:1)
  7 ball pythons
  A frilled lizard (D:1)
  6 kobolds
  5 rats
52 creatures vanquished.

Notes
Turn   | Place    | Note
-------+----------+-------------------------------------------
     0 | D:1      | Banquo the Djinni Hunter began the quest for the Orb.
     0 | D:1      | Reached XP level 1. HP: 18/18 MP: 0/0
   142 | D:1      | Reached XP level 2. HP: 4/23 MP: 0/0
   142 | D:1      | HP: 1/23 [constriction (1)]
   787 | D:1      | Reached skill level 1 in Spellcasting
  1477 | D:1      | Reached XP level 3. HP: 16/29 MP: 0/0
  1477 | D:1      | Learned a level 1 spell: Animate Skeleton
  2620 | D:2      | Reached skill level 3 in Fighting
  2869 | D:3      | Reached XP level 4. HP: 35/35 MP: 0/0
  3389 | D:3      | Found a glowing golden altar of the Shining One.
  4119 | D:4      | Found an ornate altar of the Wu Jian Council.
  4234 | D:4      | Reached skill level 4 in Fighting
  4234 | D:4      | Reached XP level 5. HP: 28/41 MP: 0/0
  4234 | D:4      | Learned a level 2 spell: Blink
  4250 | D:4      | Slain by a quokka

Illustrated notes

Levels and vault maps discovered:
D:1:      kennysheep_arrival_forest, layout_basic, kennysheep_flooded_box,
          st_stairs_2
D:2:      layout_basic
D:3:      layout_rooms, mainiacjoe_overflow_concentric_impassable
D:4:      layout_basic, mainiacjoe_overflow_boulevard,
          mainiacjoe_overflow_tiny_flanked, cheibriados_altar_1

Skill      XL: |  1  2  3  4 |
---------------+-------------+-----
Spellcasting   | 1 2 |  2.0
Fighting       | 3 4 |  4.0
Crossbows      | |  3.2
Dodging        | |  2.1
Stealth        | |  0.7

Action                   |  1- 3 |  4- 6 || total
-------------------------+-------+-------++-------
Melee: Short sword       |   126 |    79 ||   205
       Mace              |       |    56 ||    56
 Stab: Sleeping          |     3 |       ||     3
Armor: Leather armour    |    28 |    42 ||    70
Dodge: Dodged            |    88 |    86 ||   174
